Map: Battle on the Boardwalk LE

Players

Solar - Winner!

  • Race: Zerg Zerg
  • Spawn Location: 1:00

JJAKJI

  • Race: Terran Terran
  • League: Platinum
  • Spawn Location: 11:00

Event: HomeStory Cup XVI

VOD

Have the link to the VOD?

Description

Time

  • Played on: Nov. 11, 2017, 1:51 p.m.
  • Length: 15:00

All games in this series

Show
View Real Time Build Order
Export as new Build Order

Solar Zerg - Winner!

Build Orders: Pool First 

Get SALT Encoding   

  12  0:00  Drone  
  13  0:11  Overlord  
  13  0:17  Drone  
  14  0:30  Drone x2  
  14  0:34  Drone  
  17  0:44  Extractor, Drone  
  17  0:50  Spawning Pool  
  17  0:55  Drone  
  17  1:06  Drone  
  18  1:17  Hatchery  
  17  1:21  Drone  
  18  1:27  Drone  
  19  1:36  Queen  
  21  1:40  Zergling x2  
  21  1:46  Metabolic Boost  
  22  1:52  Overlord  
  22  2:11  Drone x2  
  22  2:12  Queen  
  26  2:21  Drone  
  27  2:29  Queen  
  29  2:30  Drone  
  29  2:35  Drone  
  31  2:41  Zergling x2  
  31  2:43  Overlord  
  32  2:44  Drone x2  
  32  2:46  Drone  
  35  2:52  Spore Crawler  
  35  2:53  Drone  
  36  3:05  Hatchery  
  35  3:07  Drone  
  35  3:08  Drone  
  37  3:14  Evolution Chamber  
  37  3:15  Drone  
  37  3:16  Drone  
  37  3:17  Drone  
  37  3:19  Drone  
  40  3:22  Drone  
  40  3:26  Overlord  
  41  3:29  Drone  
  41  3:31  Drone  
  43  3:36  Overlord  
  43  3:42  Zerg Ground Armor Level 1  
  43  3:46  Drone x2  
  43  3:47  Zergling x4  
  47  3:53  Queen  
  47  3:54  Drone  
  50  3:56  Drone  
  50  3:58  Zergling x2  
  50  3:59  Zergling x2  
  50  4:02  Drone  
  54  4:06  Overlord, Drone  
  55  4:12  Zergling x6  
  58  4:18  Zergling x6  
  58  4:19  Baneling Nest  
  58  4:22  Queen  
  62  4:25  Overlord  
  62  4:27  Drone  
  62  4:29  Drone  
  62  4:30  Drone  
  65  4:31  Drone  
  65  4:33  Zergling x2  
  66  4:38  Queen  
  66  4:39  Zergling x2  
  66  4:40  Zergling x2  
  66  4:43  Zergling x2  
  71  4:50  Zergling x8  
  75  4:54  Zergling x2  
  75  4:55  Zergling x6  
  77  5:01  Queen  
  77  5:03  Drone  
  77  5:04  Spore Crawler, Drone x2  
  80  5:08  Extractor  
  80  5:09  Drone x2  
  80  5:11  Overlord  
  81  5:14  Overlord  
  81  5:19  Overlord, Baneling x3  
  81  5:21  Overlord  
  81  5:23  Drone  
  81  5:24  Extractor  
  81  5:25  Drone  
  82  5:29  Overlord  
  82  5:32  Zergling x6  
  82  5:35  Baneling x3  
  85  5:36  Zerg Melee Weapons Level 1, Zergling x4  
  85  5:37  Zergling x2  
  85  5:42  Queen  
  87  5:48  Zergling x12  
  95  5:52  Lair  
  96  5:57  Extractor, Drone  
  96  5:58  Drone  
  96  6:01  Drone  
  97  6:07  Drone  
  97  6:08  Drone x3  
  100  6:12  Drone x3  
  100  6:13  Drone x2  
  103  6:21  Overlord  
  103  6:23  Drone  
  103  6:24  Drone  
  103  6:25  Extractor, Drone x3  
  108  6:32  Overlord  
  107  6:38  Zergling x2  
  107  6:39  Zergling x2  
  108  6:42  Drone  
  108  6:43  Drone, Hatchery  
  108  6:45  Baneling x3  
  108  6:46  Drone  
  109  6:51  Drone  
  109  6:53  Hydralisk Den, Zergling x12  
  115  6:55  Overseer  
  115  6:56  Centrifical Hooks  
  115  6:58  Zergling x2  
  115  6:59  Zergling x8  
  115  7:00  Baneling x2  
  120  7:05  Overlord  
  120  7:09  Drone  
  120  7:11  Baneling x3  
  120  7:13  Zergling x2  
  122  7:16  Drone  
  122  7:20  Pneumatized Carapace  
  122  7:21  Drone x5  
  126  7:30  Hydralisk x5  
  126  7:33  Muscular Augments  
  136  7:38  Extractor, Overlord x2  
  136  7:39  Zergling x2  
  136  7:40  Zergling x2  
  136  7:43  Drone x2  
  139  7:45  Zerg Ground Armor Level 2  
  139  7:49  Hydralisk  
  139  7:50  Zergling x2  
  139  7:51  Zergling x4  
  143  7:57  Zergling x6  
  144  8:02  Hydralisk x2  
  146  8:09  Drone x3  
  146  8:10  Zergling x2  
  146  8:11  Zergling x10  
  152  8:13  Evolution Chamber  
  152  8:17  Zergling x2  
  152  8:18  Zergling x2  
  152  8:21  Overlord x2  
  152  8:28  Infestation Pit, Drone x2  
  152  8:32  Hydralisk x2, Baneling x6  
  155  8:35  Baneling x4, Drone x2  
  155  8:36  Drone  
  158  8:41  Zergling x10  
  158  8:42  Extractor  
  158  8:44  Overlord  
  158  8:45  Zerg Melee Weapons Level 2  
  158  8:46  Zergling x2  
  160  8:55  Hydralisk x2, Drone  
  160  8:56  Zergling x2  
  160  8:57  Spore Crawler  
  164  9:03  Zergling x4  
  164  9:04  Hive  
  164  9:06  Drone  
  164  9:07  Zergling x12  
  164  9:09  Overlord  
  172  9:11  Hydralisk x2  
  172  9:13  Zergling x2  
  176  9:17  Zergling x8  
  176  9:20  Zergling x6  
  181  9:28  Hydralisk x3  
  180  9:32  Hydralisk  
  180  9:34  Queen  
  180  9:37  Drone x2  
  180  9:43  Overlord  
  180  9:44  Overlord  
  179  9:47  Baneling x5  
  179  9:49  Overlord  
  178  9:54  Overlord, Hatchery  
  178  9:57  Overlord  
  177  10:06  Drone  
  177  10:07  Drone x2  
  180  10:08  Zergling x16  
  180  10:11  Zerg Missile Weapons Level 1, Overseer  
  180  10:13  Hydralisk  
  190  10:18  Baneling  
  190  10:19  Baneling x11, Drone  
  191  10:21  Viper  
  191  10:22  Ultralisk Cavern  
  191  10:24  Adrenal Glands  
  191  10:25  Zergling x4  
  191  10:28  Baneling x3  
  195  10:29  Zergling x4  
  197  10:36  Hydralisk  
  197  10:41  Zergling x2  
  199  10:49  Zergling x2  
  199  10:55  Zergling x8  
  198  10:58  Zergling x2  
  198  10:59  Zergling x2  
  198  11:09  Drone x2  
  199  11:13  Chitinous Plating  
  199  11:15  Zerg Ground Armor Level 3  
  198  11:26  Spore Crawler  
  198  11:30  Extractor, Spire  
  195  11:40  Ultralisk x2  
  195  11:41  Zergling x4  
  195  11:42  Zergling x6  
  195  11:50  Drone x5  
  195  11:53  Extractor x2  
  198  12:15  Baneling x3  
  194  12:27  Zerg Missile Weapons Level 2  
  171  12:41  Zergling x28  
  171  12:42  Zergling x4  
  173  12:45  Zergling x12  
  173  12:49  Ultralisk, Zergling x18  
  183  13:04  Hydralisk x5  
  183  13:05  Hydralisk x2, Zergling x4  
  192  13:06  Zergling x4  
  192  13:07  Baneling  
  192  13:08  Baneling x11  
  192  13:09  Ultralisk  
  192  13:10  Zergling x2  
  192  13:12  Hatchery  
  198  13:15  Zergling x2  
  198  13:16  Zergling x10  
  192  13:20  Zergling x6  
  192  13:25  Ultralisk  
  196  13:28  Zergling x2  
  196  13:29  Zergling x4  
  196  13:32  Zergling x2  
  184  13:39  Corruptor  
  184  13:40  Corruptor x8  
  195  13:45  Baneling  
  195  13:46  Baneling x6  
  190  13:48  Overseer  
  190  13:49  Zergling x4  
  190  13:54  Corruptor  
  190  13:55  Corruptor  
  188  14:00  Zergling x6  
  180  14:05  Baneling x4  
  180  14:06  Baneling  
  180  14:07  Zergling x8  
  184  14:10  Corruptor  
  184  14:16  Ultralisk, Zergling x2  
  193  14:20  Baneling x6  
  193  14:22  Baneling x4  
  193  14:31  Zergling x16  
  187  14:40  Zergling x10  
  187  14:41  Zergling x10  
Show
View Real Time Build Order
Export as new Build Order

JJAKJI Terran 

Build Orders: Reaper Expand, MMM Bio 

Get SALT Encoding   

  12  0:00  SCV  
  13  0:12  SCV  
  14  0:17  Supply Depot  
  14  0:24  SCV  
  15  0:38  SCV  
  15  0:40  Barracks  
  16  0:44  Refinery  
  16  0:50  SCV  
  17  1:03  SCV  
  18  1:15  SCV  
  19  1:28  Reaper, Orbital Command  
  20  1:41  Command Center  
  20  1:53  SCV  
  21  1:58  Barracks  
  21  2:00  Barracks Reactor  
  21  2:06  SCV  
  22  2:09  Supply Depot  
  22  2:15  Refinery  
  22  2:18  SCV  
  23  2:31  Factory, SCV  
  24  2:37  Marine x2  
  24  2:43  SCV  
  27  2:47  Barracks Tech Lab  
  27  2:54  Orbital Command  
  27  2:55  SCV  
  28  2:59  Marine x2  
  30  3:06  Stimpack  
  30  3:08  SCV  
  30  3:10  Marine  
  32  3:20  SCV, Marine x2  
  35  3:28  Starport  
  35  3:30  Factory Reactor  
  35  3:34  SCV  
  35  3:35  Marine  
  35  3:38  Marine x2  
  35  3:40  SCV  
  40  3:47  SCV  
  41  3:49  Supply Depot  
  41  3:56  Supply Depot, SCV  
  41  3:59  SCV  
  43  4:03  Marine x3  
  46  4:10  SCV  
  46  4:11  SCV  
  46  4:12  Medivac  
  46  4:14  Medivac  
  51  4:20  Supply Depot  
  51  4:21  Marine x2  
  51  4:22  Marine  
  54  4:24  SCV  
  54  4:26  SCV  
  56  4:35  Cyclone  
  56  4:36  SCV  
  56  4:37  Engineering Bay  
  56  4:38  SCV  
  61  4:47  Marine  
  61  4:48  Medivac, Marine x2  
  61  4:51  Supply Depot  
  64  5:00  SCV x2  
  64  5:05  Terran Infantry Weapons Level 1, Marine x2  
  64  5:06  Marine  
  69  5:18  Supply Depot, Combat Shields  
  69  5:19  SCV  
  70  5:24  SCV, Marine x3  
  74  5:31  SCV  
  74  5:33  Liberator  
  75  5:36  SCV  
  75  5:41  Command Center  
  75  5:42  Marine x3  
  77  5:46  Supply Depot  
  77  5:47  SCV  
  77  5:49  SCV  
  80  5:56  Barracks  
  82  6:00  SCV  
  82  6:01  SCV  
  82  6:02  Barracks  
  84  6:08  Marine x2  
  74  6:17  Marine  
  71  6:19  Factory Reactor  
  71  6:21  SCV x2  
  71  6:23  Barracks  
  73  6:26  Marine x2  
  73  6:35  SCV x2, Marine  
  73  6:38  Refinery  
  76  6:42  Refinery  
  76  6:44  Marine x2  
  78  6:47  SCV x2  
  78  6:48  Barracks Reactor  
  78  6:49  Barracks Reactor  
  78  6:53  Marine  
  80  6:55  Orbital Command  
  80  6:59  Terran Infantry Armor Level 1, SCV x2  
  82  7:01  Marine  
  82  7:02  Medivac, Marine  
  82  7:05  Widow Mine x2  
  90  7:09  Command Center  
  90  7:10  Marine  
  90  7:13  SCV x2  
  93  7:19  Barracks Reactor, Marine x2  
  95  7:24  Medivac  
  95  7:25  SCV  
  95  7:28  Marine  
  99  7:30  SCV x2  
  99  7:32  Medivac  
  99  7:33  Refinery x2  
  99  7:34  Supply Depot, Marine x2  
  99  7:35  Supply Depot  
  99  7:36  Marine x2  
  107  7:37  SCV, Marine  
  107  7:42  Armory  
  109  7:48  Engineering Bay  
  109  7:51  Marine x2  
  109  7:52  Marine x2  
  109  7:53  Marine  
  109  7:55  Marine x2  
  111  8:04  Medivac x2  
  118  8:08  Marine  
  118  8:09  Marine  
  118  8:10  Marine x2  
  118  8:11  Marine  
  118  8:12  Marine x2  
  120  8:13  Marine x2  
  120  8:17  SCV x2  
  118  8:20  SCV  
  118  8:21  Starport  
  118  8:22  Planetary Fortress  
  118  8:24  Refinery  
  118  8:26  Marine  
  120  8:27  Marauder, Marine  
  120  8:28  Marine  
  120  8:29  SCV, Marine  
  120  8:30  Marine x2  
  120  8:31  SCV  
  120  8:32  SCV  
  127  8:36  Terran Infantry Weapons Level 2  
  127  8:41  SCV, Marine x2  
  128  8:43  SCV  
  128  8:44  Starport, SCV, Marine  
  128  8:45  Marine  
  132  8:49  Factory Tech Lab  
  132  8:53  Terran Vehicle And Ship Armor Level 1, SCV  
  132  8:54  Terran Infantry Armor Level 2  
  134  8:55  SCV  
  134  8:56  SCV  
  134  8:57  Missile Turret  
  134  8:58  SCV  
  134  9:02  Marine x3  
  137  9:04  Marine  
  140  9:13  Supply Depot  
  140  9:14  Supply Depot  
  140  9:17  Liberator x2, SCV, Marine x2  
  140  9:19  Liberator x2  
  140  9:27  SCV x2  
  140  9:30  SCV  
  140  9:34  Marine x2  
  140  9:36  Marauder  
  140  9:37  Marine  
  140  9:38  Marine  
  156  9:50  SCV  
  154  10:00  Supply Depot  
  154  10:01  Supply Depot x2  
  154  10:05  Liberator x4  
  154  10:06  Marauder  
  156  10:10  Refinery  
  156  10:12  Barracks, Liberator  
  156  10:13  Barracks  
  156  10:16  Barracks  
  156  10:22  SCV x4  
  156  10:25  Missile Turret  
  156  10:28  Sensor Tower  
  172  10:30  Missile Turret  
  172  10:34  SCV x3  
  178  10:39  Marauder  
  178  10:40  Command Center  
  180  10:50  Supply Depot, Marine x2  
  180  10:54  Marine  
  180  10:55  Marine x2  
  180  10:56  Supply Depot, Marine x3  
  177  11:00  Liberator  
  176  11:05  Medivac x2  
  176  11:07  Barracks Tech Lab  
  180  11:11  Medivac, Barracks Tech Lab, Marine x2  
  180  11:12  Marauder, Barracks Tech Lab  
  180  11:13  Medivac  
  180  11:14  Marine  
  180  11:17  Liberator  
  191  11:22  Terran Infantry Weapons Level 3  
  191  11:26  Marauder  
  188  11:33  Marauder, Missile Turret  
  184  11:41  SCV x4  
  184  11:43  Liberator  
  184  11:48  Marauder  
  184  11:49  Sensor Tower  
  184  11:53  Supply Depot, SCV  
  187  11:54  Marauder  
  187  11:55  Supply Depot, SCV x2, Starport Reactor  
  187  12:00  Medivac  
  196  12:08  Marauder x2  
  200  12:17  Ghost Academy  
  200  12:19  Missile Turret  
  200  12:20  Missile Turret, Terran Infantry Armor Level 3  
  199  12:25  Concussive Shells  
  199  12:26  Liberator  
  199  12:27  Liberator x2  
  197  12:36  Marauder x3, Liberator  
  197  12:37  Marauder  
  178  12:38  Marine  
  178  12:39  Marine x6  
  178  12:43  Liberator  
  153  12:58  Marauder x2  
  148  13:03  Marauder x2  
  141  13:06  Marine x3  
  141  13:09  Liberator  
  141  13:11  Marine x3  
  134  13:19  Marauder, Planetary Fortress  
  127  13:24  Marauder  
  127  13:25  Marauder  
  122  13:29  SCV x4  
  108  13:40  Marauder  
  110  13:41  SCV x2  
  110  13:42  Medivac  
  110  13:48  SCV x2  
  111  13:53  SCV x2  
  111  13:55  Marauder x2, Liberator x2  
  106  13:56  Liberator, Marine  
  106  13:57  Marine x7  
  106  14:00  SCV x2  
  106  14:01  Marine x2  
  107  14:05  SCV  
  108  14:14  Marine x3  
  120  14:17  SCV x3  
  120  14:18  SCV  
  124  14:29  SCV  
  124  14:30  SCV x3  
Tags
 
Add a new tag
Caveats
  • Supply blocks, unpowered buildings, or Contaminate may cause inaccurate times.
  • Supply counts are checked every 10 seconds.